 Dungeon Sprint DCSS version 0.23.2-1-ga50397a (webtiles) character file.

Game seed: 8273309724393848050

1541 EndlessMike the Impaler (level 8, -5/83 HPs)
             Began as a Minotaur Warper on Apr 19, 2019.
             Was a Follower of Okawaru.
             Slain by a two-headed ogre
             ... wielding a +0 giant club
              (14 damage)
             ... in the Dungeon (Sprint III: "The Ten Rune Challenge").
             The game lasted 00:06:52 (1300 turns).

EndlessMike the Impaler (Minotaur Warper)           Turns: 1300, Time: 00:06:53

Health: -5/83      AC: 12    Str: 18    XL:     8   Next: 56%
Magic:  11/11      EV:  8    Int: 10    God:    Okawaru [*.....]
Gold:   43         SH:  0    Dex: 10    Spells: 7/9 levels left

rFire    . . .     SeeInvis .   a - +0 spear
rCold    . . .     Gourm    .   (no shield)
rNeg     . . .     Faith    .   k - +0 chain mail
rPois    .         Spirit   .   (helmet restricted)
rElec    .         Reflect  .   c - +0 cloak
rCorr    .         Harm     .   (no gloves)
MR       .....     NoTele   +   (no boots)
Stlth    ..........             (no amulet)
HPRegen  0.23/turn              (no ring)
MPRegen  0.12/turn              (no ring)

@: no status effects
A: retaliatory headbutt, horns 2, evolution 1
a: Heroism, Renounce Religion


You were in the Dungeon.
You worshipped Okawaru.
Okawaru was aware of your devotion.
You were not hungry.

You visited 1 branch You collected 43 gold pieces.

Inventory:

Hand Weapons
 a - a +0 spear (weapon)
 l - a +2 long sword of holy wrath
Missiles
 e - 3 tomahawks of dispersal (quivered)
Armour
 c - a +0 cloak (worn)
 k - a +0 chain mail (worn)
Wands
 b - a wand of polymorph (9)
Scrolls
 d - 2 scrolls of blinking
 m - 2 scrolls of immolation {unknown}
 n - a scroll of remove curse {unknown}
 o - a scroll of magic mapping {unknown}
 q - 2 scrolls of identify {unknown}
Potions
 g - a potion of curing
 h - a potion of heal wounds
 i - a potion of haste
 j - 2 potions of magic
 p - 4 potions of flight
Comestibles
 f - 4 rations
 r - 4 chunks of flesh


   Skills:
 - Level 11.7 Fighting
 - Level 15.6 Polearms
 - Level 1.0 Throwing
 + Level 7.9 Armour
 - Level 2.1 Dodging
 - Level 1.3 Spellcasting
 - Level 2.1 Translocations
 + Level 6.4 Invocations


You had 7 spell levels left.
You knew the following spells:

 Your Spells              Type           Power        Failure   Level  Hunger
b - Blink                 Tloc           N/A          90%         2    ###....

Your spell library contained the following spells:

 Spells                   Type           Power        Failure   Level  Hunger
 Confusing Touch          Hex            #.....       97%         1    ##.....
 Shroud of Golubria       Chrm/Tloc      #.........   97%         2    ###....
 Gell's Gravitas          Tloc           #.........   99%         3    ####...
 Lesser Beckoning         Tloc           #.........   99%         3    ####...
 Teleport Other           Tloc           #.......     99%         3    ####...
 Confuse                  Hex            #.......     100%        3    ####...
 Passage of Golubria      Tloc           N/A          100%        4    #####..
 Petrify                  Tmut/Erth      #.......     100%        4    #####..
 Metabolic Englaciation   Hex/Ice        #.........   100%        5    ######.
 Yara's Violent Unravell  Hex/Tmut       #.........   100%        5    ######.


Dungeon Overview and Level Annotations

Branches:
Dungeon (1/1)

Altars:
Cheibriados
Dithmenos
Elyvilon
Fedhas
Gozag
Hepliaklqana
Kikubaaqudgha
Makhleb
Nemelex Xobeh
Okawaru
Qazlal
Ru
Sif Muna
Trog
Uskayaw
Vehumet
Wu Jian
Xom
Yredelemnul
Zin
The Shining One
Beogh
Jiyva
Lugonu


Innate Abilities, Weirdness & Mutations

You reflexively headbutt those who attack you in melee.
You have a pair of horns on your head.
You evolve.


Message History

The two-headed ogre hits you with a +0 giant club!
The two-headed ogre hits you but does no damage.
You are too injured to fight recklessly!
You puncture the two-headed ogre!
The two-headed ogre is almost dead.
You hit the two-headed ogre.
The two-headed ogre is almost dead.
The two-headed ogre hits you with a +0 giant club!
* * * LOW HITPOINT WARNING * * *
The two-headed ogre hits you with a +0 giant club!
* * * LOW HITPOINT WARNING * * *
You hit the two-headed ogre.
The two-headed ogre is almost dead.
Your chain mail prevents you from hitting the two-headed ogre.
Your headbutt misses the two-headed ogre.
The two-headed ogre is almost dead.
You hit the two-headed ogre.
The two-headed ogre is almost dead.
The two-headed ogre hits you with a +0 giant club!
You die...

__.#._# )###)##
......# ...)..#
#####'#
__#...#+###########
__#...#....#.#.#..
__#...##.#..#.##O#
__#...'##.#.#.##@#
__'...#.))#..#..##
▓▓▓▓▓▓▓▓▓▓▓▓▓▓▓▓▓


You could see a two-headed ogre.

Vanquished Creatures
  A deep elf mage (D)
  A shadow (D)
  A spatial vortex (D)
  A necrophage (D)
  3 two-headed ogres (D)
  A water elemental (D)
  A jelly (D)
  A wizard (D)
  Crazy Yiuf (D)
  Jessica (D)
  A necromancer (D)
  A kobold demonologist (D)
  3 humans (D)
  2 oozes (D)
  A rat (D)
20 creatures vanquished.

Vanquished Creatures (others)
  2 draconian scorchers (D)
  6 hellions (D)
  3 yaktaurs (D)
11 creatures vanquished.

Grand Total: 31 creatures vanquished

Notes
Turn   | Place    | Note
-------+----------+-------------------------------------------
     0 | D        | EndlessMike the Minotaur Warper began the quest for the
                  | Orb.
     0 | D        | Reached XP level 1. HP: 18/18 MP: 1/1
     8 | D        | Reached skill level 4 in Polearms
    15 | D        | Reached XP level 2. HP: 15/27 MP: 3/3
    19 | D        | Learned a level 2 spell: Blink
    87 | D        | Killed a yaktaur
    93 | D        | Killed a hellion
    93 | D        | Killed a hellion
    94 | D        | Killed a hellion
    94 | D        | Killed a hellion
   107 | D        | Killed a hellion
   119 | D        | Killed a hellion
   146 | D        | Killed a white draconian scorcher
   147 | D        | Noticed Jessica
   151 | D        | Killed Jessica
   151 | D        | Reached skill level 6 in Polearms
   151 | D        | Reached XP level 3. HP: 35/35 MP: 4/4
   198 | D        | Reached skill level 5 in Fighting
   198 | D        | Reached skill level 7 in Polearms
   204 | D        | Killed a white draconian scorcher
   394 | D        | Noticed Crazy Yiuf
   408 | D        | Killed Crazy Yiuf
   408 | D        | Reached skill level 8 in Polearms
   408 | D        | Reached XP level 4. HP: 37/44 MP: 2/5
   477 | D        | Gained mutation: You are somewhat resistant to further
                  | mutation. [potion of mutation]
   477 | D        | Gained mutation: Your flesh is cold resistant. (rC+)
                  | [potion of mutation]
   478 | D        | Lost mutation: Your flesh is cold resistant. (rC+) [potion
                  | of mutation]
   478 | D        | Lost mutation: You are somewhat resistant to further
                  | mutation. [potion of mutation]
   478 | D        | Gained mutation: Your mind is acute. (Int +2) [potion of
                  | mutation]
   478 | D        | Gained mutation: You evolve. [potion of mutation]
   478 | D        | Gained mutation: You expend magic power (3 MP) to
                  | strengthen your wands. [potion of mutation]
   479 | D        | Lost mutation: You evolve. [potion of mutation]
   479 | D        | Lost mutation: You expend magic power (3 MP) to strengthen
                  | your wands. [potion of mutation]
   479 | D        | Lost mutation: Your mind is acute. (Int +2) [potion of
                  | mutation]
   479 | D        | Gained mutation: Your mind is acute. (Int +2) [potion of
                  | mutation]
   479 | D        | Gained mutation: Your muscles are strong. (Str +2) [potion
                  | of mutation]
   479 | D        | Gained mutation: You can translocate small distances at
                  | will. [potion of mutation]
   479 | D        | Gained mutation: Your flesh is heat resistant. (rF+)
                  | [potion of mutation]
   480 | D        | Lost mutation: Your muscles are strong. (Str +2) [potion of
                  | mutation]
   480 | D        | Lost mutation: Your flesh is heat resistant. (rF+) [potion
                  | of mutation]
   480 | D        | Lost mutation: You can translocate small distances at will.
                  | [potion of mutation]
   480 | D        | Lost mutation: Your mind is acute. (Int +2) [potion of
                  | mutation]
   480 | D        | Gained mutation: You evolve. [potion of mutation]
   480 | D        | Gained mutation: Your muscles are strong. (Str +2) [potion
                  | of mutation]
   494 | D        | Noticed a water elemental
   497 | D        | Killed a water elemental
   497 | D        | Reached skill level 9 in Polearms
   501 | D        | Found a glowing silver altar of Zin.
   501 | D        | Found a glowing golden altar of the Shining One.
   501 | D        | Found a white marble altar of Elyvilon.
   502 | D        | Noticed a deep elf mage
   512 | D        | Killed a deep elf mage
   512 | D        | Reached skill level 10 in Fighting
   512 | D        | Reached skill level 14 in Polearms
   512 | D        | Reached XP level 5. HP: 18/59 MP: 6/6
   512 | D        | Reached XP level 6. HP: 20/67 MP: 7/7
   512 | D        | Reached XP level 7. HP: 22/73 MP: 8/8
   712 | D        | Found a hide-covered altar of Uskayaw.
   712 | D        | Found a roughly hewn altar of Beogh.
   712 | D        | Found an iron altar of Okawaru.
   712 | D        | Found a bloodstained altar of Trog.
   712 | D        | Found an ornate altar of the Wu Jian Council.
   712 | D        | Noticed a human
   712 | D        | Noticed a human
   720 | D        | Killed a human
   720 | D        | Reached skill level 15 in Polearms
   726 | D        | Killed a human
   737 | D        | Became a worshipper of Warmaster Okawaru
   781 | D        | Found a radiant altar of Vehumet.
   781 | D        | Found a deep blue altar of Sif Muna.
   781 | D        | Found an ancient bone altar of Kikubaaqudgha.
   790 | D        | Reached skill level 1 in Invocations
   810 | D        | Found a basalt altar of Yredelemnul.
   810 | D        | Found a shadowy altar of Dithmenos.
   810 | D        | Found a sacrificial altar of Ru.
   819 | D        | Killed a yaktaur
   820 | D        | Reached XP level 8. HP: 78/82 MP: 9/9
   842 | D        | Reached skill level 5 in Armour
   925 | D        | Killed a yaktaur
   990 | D        | Found a blossoming altar of Fedhas.
   990 | D        | Found a stormy altar of Qazlal.
   990 | D        | Found a snail-covered altar of Cheibriados.
   990 | D        | Found a burning altar of Makhleb.
   990 | D        | Found a shimmering altar of Xom.
   995 | D        | Found a hazy altar of Hepliaklqana.
   995 | D        | Found an opulent altar of Gozag.
   995 | D        | Found a sparkling altar of Nemelex Xobeh.
   995 | D        | Found a corrupted altar of Lugonu.
   995 | D        | Found a viscous altar of Jiyva.
  1010 | D        | Reached * piety under Okawaru
  1010 | D        | Reached skill level 5 in Invocations
  1283 | D        | Noticed a two-headed ogre
  1284 | D        | Lost mutation: Your muscles are strong. (Str +2)
                  | [evolution]
  1300 | D        | Slain by a two-headed ogre

Skill      XL: |  1  2  3  4  5  6  7  8 |
---------------+-------------------------+-----
Fighting       | 3 4 6 10 11 | 11.7
Polearms       | 4 6 8 14 15 | 15.6
Armour         | 3 7 |  7.9
Invocations    | 2 6 |  6.4
Throwing       | |  1.0
Dodging        | |  2.1
Spellcasting   | |  1.3
Translocations | |  2.1

Action                   |  1- 3 |  4- 6 |  7- 9 || total
-------------------------+-------+-------+-------++-------
Melee: Spear             |    46 |    12 |   102 ||   160
       Headbutt          |     6 |     3 |    21 ||    30
       Punch             |       |       |     1 ||     1
Throw: Tomahawk          |     1 |     1 |       ||     2
Invok: Heroism           |       |       |     1 ||     1
  Use: Potion            |       |     4 |     3 ||     7
  Eat: Chunk             |       |       |     1 ||     1
Armor: Leather armour    |     6 |       |       ||     6
       Chain mail        |       |       |     9 ||     9
Dodge: Dodged            |    15 |     3 |    19 ||    37
